 Dungeon Crawl Stone Soup version 0.31-a0-1612-g4aaf141004 (webtiles) character file.

Game seed: 18017293496679896237

284 MacCMillion the Chopper (level 6, 0/52 HPs)
             Began as a Minotaur Fighter on Jan 9, 2024.
             Incinerated by a bombardier beetle (4 damage)
             ... with a burning spray
             ... on level 5 of the Dungeon.
             The game lasted 00:03:33 (2262 turns).

MacCMillion the Chopper (Minotaur Fighter)          Turns: 2262, Time: 00:03:34

Health: 0/52       AC:  8    Str: 27    XL:     6   Next: 7%
Magic:  5/5        EV:  9    Int:  5    God:
Gold:   134        SH:  4    Dex:  9    Spells: 5/5 levels left

rFire   . . .        o - +0 hand axe (venom)
rCold   . . .        c - +0 buckler
rNeg    . . .        b - +0 scale mail
rPois   .            (helmet restricted)
rElec   +            p - +0 cloak "Saacwul" {rElec Str+4}
rCorr   .            (no gloves)
SInv    .            (no boots)
Will    .....        (no amulet) Stlth
                     (no ring)
HPRegen 0.28/turn    (no ring)
MPRegen 0.09/turn

%: no passive effects
@: on fire, glowing
A: horns 2, retaliatory headbutt
a: no special abilities


You were on level 5 of the Dungeon.
You visited 1 branch of the dungeon, and saw 5 of its levels.

You collected 134 gold pieces.

Inventory:

Hand Weapons
 a - a +0 war axe
 h - a +0 broad axe
 o - a +0 hand axe of venom (weapon)
Missiles
 g - 5 javelins (quivered)
 q - a throwing net
Armour
 b - a +0 scale mail (worn)
 c - a +0 buckler (worn)
 p - the +0 cloak "Saacwul" (worn) {rElec Str+4}
   (You found it on level 3 of the Dungeon)

   Str+4:     It affects your strength (+4).
   rElec:     It insulates you from electricity.
Scrolls
 e - a scroll of summoning {unknown}
 i - a scroll of brand weapon {unknown}
 j - 4 scrolls of identify {unknown}
 k - a scroll of revelation {unknown}
 l - a scroll of noise {unknown}
 m - a scroll of amnesia {unknown}
 n - a scroll of teleportation {unknown}
 s - a scroll of poison {unknown}
 t - a scroll of torment {unknown}
Potions
 d - 3 potions of might
 f - a potion of enlightenment {unknown}
 r - a potion of curing {unknown}


   Skills:
 - Level 3.6 Fighting
 + Level 7.5 Axes
 - Level 3.6 Armour
 - Level 4.0 Shields


You had 5 spell levels left.
You didn't know any spells.
Your spell library contained the following spells:

 Spells                   Type           Power      Damage    Failure   Level
 Sublimation of Blood     Necr           0%         N/A       91%         2
 Dazzling Flash           Conj/Hex       0%         N/A       99%         3
 Mephitic Cloud           Conj/Alch/Air  0%         N/A       99%         3
 Summon Ice Beast         Ice/Summ       0%         N/A       99%         3
 Petrify                  Alch/Erth      0%         N/A       100%        4
 Curse of Agony           Necr           0%         N/A       100%        5
 Irradiate                Conj/Alch      0%         3d11      100%        5
 Silence                  Hex/Air        0%         N/A       100%        5
 Summon Mana Viper        Hex/Summ       0%         N/A       100%        5
 Monstrous Menagerie      Summ           0%         N/A       100%        7


Dungeon Overview and Level Annotations

Branches:
Dungeon (6/15)
 Temple: D:4-7

Altars:
Fedhas
Makhleb
Nemelex Xobeh
Uskayaw
Zin
The Shining One

Shops:
D:3 =


Innate Abilities, Weirdness & Mutations

You have a pair of horns on your head.
You reflexively headbutt those who attack you in melee.


Message History

The shadow imp attacks as it pursues you!
The shadow imp hits you but does no damage.
You shake off some of the fire as you move.
The liquid fire burns you!
The bombardier beetle sprays incendiary fluid at you.
The burning spray hits you.
You are even more covered in liquid fire!
You shake off some of the fire as you move.
The liquid fire burns you!
The bombardier beetle completely misses you.
You furiously retaliate!
You headbutt the bombardier beetle.
The shadow imp hits you but does no damage.
You closely miss the bombardier beetle.
The bombardier beetle is moderately wounded.
You slash the shadow imp!
You kill the shadow imp!
The liquid fire burns you!
You closely miss the bombardier beetle.
The bombardier beetle is moderately wounded.
The liquid fire burns you! The bombardier beetle bites you.
You closely miss the bombardier beetle.
The bombardier beetle is moderately wounded.
The liquid fire burns you!
* * * LOW HITPOINT WARNING * * *
You hit the bombardier beetle but do no damage.
The bombardier beetle is poisoned.
You headbutt the bombardier beetle, but do no damage.
The bombardier beetle is moderately wounded.
The liquid fire burns you!
* * * LOW HITPOINT WARNING * * *
The bombardier beetle waves its antennae.
The bombardier beetle bites you but does no damage.
You slash the bombardier beetle!
You kill the bombardier beetle!
The liquid fire burns you!
* * * LOW HITPOINT WARNING * * *
You have reached level 6!
The liquid fire burns you!
You die...

# # #8 8# #.#
#.# ##..+ +..#
.....#####..####
#..8#8.......
#†@......#
#....########
#####


There were no monsters in sight!

Vanquished Creatures
  A scorpion (D:3)
  2 bombardier beetles
  A jelly (D:2)
  4 adders
  A shadow imp (D:5)
  A dart slug (D:1)
  5 ball pythons
  14 endoplasms
  5 giant cockroaches
  5 hobgoblins
  8 jackals (D:1)
  9 kobolds
  2 quokkas (D:3)
  6 bats
  4 frilled lizards
  2 goblins (D:3)
  3 rats
73 creatures vanquished.

Notes
Turn   | Place    | Note
-------+----------+-------------------------------------------
     0 | D:1      | MacCMillion the Minotaur Fighter began the quest for the
                  | Orb.
     0 | D:1      | Reached XP level 1. HP: 19/19 MP: 0/0
    98 | D:1      | Reached skill level 3 in Axes
    98 | D:1      | Reached XP level 2. HP: 27/27 MP: 1/1
   221 | D:1      | Found a faded altar of an unknown god.
   498 | D:1      | Reached XP level 3. HP: 33/33 MP: 2/2
   499 | D:1      | Reached skill level 4 in Axes
   895 | D:2      | Found a sparkling altar of Nemelex Xobeh.
   895 | D:2      | Found a hide-covered altar of Uskayaw.
   895 | D:2      | Found a burning altar of Makhleb.
   895 | D:2      | Found a glowing golden altar of the Shining One.
   895 | D:2      | Found a glowing silver altar of Zin.
   895 | D:2      | Found a blossoming altar of Fedhas.
   912 | D:2      | Reached skill level 5 in Axes
   912 | D:2      | Reached XP level 4. HP: 30/40 MP: 3/3
  1553 | D:3      | Identified the +0 cloak "Saacwul" {rElec Str+4}
  1619 | D:3      | Reached skill level 6 in Axes
  1619 | D:3      | Reached XP level 5. HP: 46/46 MP: 4/4
  1907 | D:3      | Reached skill level 7 in Axes
  2063 | D:3      | Found Losu's Jewellery Boutique.
  2236 | D:3      | You fall into a shaft and drop 3 floors!
  2249 | D:5      | Entered Level 5 of the Dungeon
  2262 | D:5      | Reached XP level 6. HP: 4/52 MP: 5/5
  2262 | D:5      | Incinerated by a bombardier beetle

Illustrated notes

Levels and vault maps discovered:
D:1:      onia_arrival_pentagram, layout_basic,
          chequers_ecumenical_altar_simple_redux
D:2:      cheibrodos_fertilizer, layout_basic
D:3:      kennysheep_six_static_rooms, layout_basic, serial_shops,
          nicolae_shop_trees
D:5:      minmay_evil_eye, layout_basic, nicolae_overflow_quartered_altars,
          trog_three_pillars_becter, gammafunk_ghost_hive, enter_ossuary_2,
          uniq_ijyb
D:6:      layout_basic, mainiacjoe_overflow_alcove_1, minivault_25,
          minmay_misc_feat_tower

Skill      XL: |  1  2  3  4  5 |
---------------+----------------+-----
Axes           | 3 5 6 7 |  7.5
Shields        | 4 |  4.0
Fighting       | |  3.6
Armour         | |  3.6

Action                     |  1- 3 |  4- 6 || total
---------------------------+-------+-------++-------
  Melee: War axe           |    82 |    17 ||    99
         Headbutt          |     6 |     9 ||    15
         Hand axe          |       |    71 ||    71
 Armour: Scale mail        |    51 |    46 ||    97
  Dodge: Dodged            |    33 |    23 ||    56
  Block: Buckler           |    19 |    12 ||    31

Table legend: (Time is in decaauts)
 A = Elapsed time spent in this place.
 B = Non-inter-level travel time spent in this place.
 C = Inter-level travel time spent in this place.
 D = Time resting spent in this place.
 E = Time spent auto-exploring this place.
 F = Levels seen in this place.
 G = Mean time per level.
                   A        B        C        D        E       F      G
               +--------+--------+--------+--------+--------+-----+--------+
         Total |   2293 |   2237 |     56 |    145 |   1638 |   5 |  458.6 |
       Dungeon |   2293 |   2237 |     56 |    145 |   1638 |   5 |  458.6 |
               +--------+--------+--------+--------+--------+-----+--------+

Top non-repeatable levels by time:
     D:2: 840 daAuts
     D:1: 729 daAuts
     D:3: 698 daAuts
     D:6: 12 daAuts
     D:5: 12 daAuts
